 Dungeon Crawl Stone Soup version 0.14-a0-1403-g5d3c58f (webtiles) character file.

141 PolkaDot the Poker (level 3, -1/27 HPs)
             Began as a Vampire Death Knight on Dec 10, 2013.
             Was a Believer of Yredelemnul.
             Slain by Sigmund
             ... wielding a +0,+0 scythe
              (2 damage)
             ... on Level 2 of the Dungeon.
             The game lasted 00:03:39 (930 turns).

PolkaDot the Poker (Vampire Death Knight)            Turns: 930, Time: 00:03:39

HP  -1/27        AC  4     Str 12      XL: 3   Next: 60%
MP   4/4         EV 10     Int 13      God: Yredelemnul [**....]
Gold 89          SH  0     Dex 14      Spells:  0 memorised,  2 levels left

rFire  . . .     SeeInvis +     k - -2,-1 spear (curse)
rCold  + . .     Clarity  .     b - +0 leather armour (curse)
rNeg   . . .     Conserve .     (no shield)
rPois  .         rCorr    .     (no helmet)
rElec  .         rRot     .     j - +0 elf cloak
SustAb . .       Spirit   .     (no gloves)
rMut   .         Warding  .     (no boots)
Saprov . . .     Stasis   .     (no amulet)
                                c - ring of flight
                                f - ring of protection from cold

@: regenerating quickly, very slightly contaminated, slightly resistant to
hostile enchantments, unstealthy
A: fangs 3, see invisible, unbreathing
a: Animate Remains, Recall Undead Slaves, Injury Mirror, Renounce Religion,
Evoke Flight


You were on level 2 of the Dungeon.
You worshipped Yredelemnul.
Yredelemnul was pleased with you.
You were very full.

You visited 1 branch of the dungeon, and saw 2 of its levels.

You collected 89 gold pieces.

Inventory:

Hand weapons
 a - a +1,+1 spear
 k - a cursed -2,-1 spear (weapon)
Armour
 b - a cursed +0 leather armour (worn)
 j - a +0 elven cloak (worn)
Magical devices
 g - a wand of teleportation (4)
Scrolls
 d - 2 scrolls of teleportation {unknown}
 m - a scroll of enchant weapon II {unknown}
Jewellery
 c - a ring of flight (right hand)
 f - a ring of protection from cold (left hand)
 l - an uncursed ring of fire


   Skills:
 - Level 1.7 Fighting
 * Level 3.6 Polearms
 - Level 0.7 Armour
 - Level 1.1 Dodging
 - Level 2.4 Invocations


You had 2 spell levels left.
You didn't know any spells.

Dungeon Overview and Level Annotations

Branches:
Dungeon (2/16)

Altars:

Annotations:
D:2 Sigmund


Innate Abilities, Weirdness & Mutations

Your natural rate of healing is unusually fast.
You have razor-sharp teeth.*
You have supernaturally acute eyesight.
You can survive without breathing.*


Message History

Evoke which item? (* to show all) (? for menu, Esc to quit)
Zapping:
g - a wand of teleportation {zapped: 1}
Press: ? - help, Shift-Dir - straight line, f - you You feel strangely unstable.
Sigmund casts a spell at you. The magic dart hits you!
* * * LOW HITPOINT WARNING * * *
You aren't carrying any potions.
You can't unwield your weapon to draw a new one!
Sigmund casts a spell at you. The puff of flame misses you.
Your kobold zombie hits Sigmund but does no damage.
Sigmund closely misses your kobold zombie.
Your hobgoblin skeleton hits Sigmund but does no damage.
Found a scroll of identify and a scroll labeled XELINTUOGU.
A giant newt comes into view.
Your surroundings seem slightly different.
Sigmund hits you from afar with a scythe.
You die...
Yredelemnul claims you as an undead slave.

.(.....# #########
.......# #...........
.......#####...........#
....)..#...'...........#
.........###...........#
.......### #..z........#
.......# #..z@.......+
##.##### #...........#
#># #....@......# #.#
########ยง..## #.#
#.....?### ##'#####
......... .......#
.......?.# ...>...#
......l..# .......#
.....?..# .......#
........ .......#
......#


You could see Sigmund, a friendly kobold zombie and a friendly hobgoblin
skeleton.

Vanquished Creatures
  Ijyb (D:2)
  A gnoll (D:1)
  A giant gecko (D:1)
  An ooze (D:1)
  3 bats
  5 hobgoblins
  4 kobolds
  A ball python (D:1)
  5 goblins
  2 rats (D:2)
24 creatures vanquished.

Notes
Turn   | Place    | Note
--------------------------------------------------------------
     0 | D:1      | PolkaDot, the Vampire Death Knight, began the quest for the Orb.
     0 | D:1      | Reached XP level 1. HP: 16/16 MP: 1/1
   123 | D:1      | Reached XP level 2. HP: 22/22 MP: 2/2
   581 | D:1      | Reached skill level 3 in Polearms
   699 | D:2      | Reached XP level 3. HP: 23/27 MP: 4/4
   890 | D:2      | Noticed Ijyb
   912 | D:2      | Killed Ijyb
   912 | D:2      | Acquired Yredelemnul's second power
   920 | D:2      | Noticed Sigmund
   927 | D:2      | HP: 1/27 [Sigmund/magic dart (6)]
   930 | D:2      | Slain by Sigmund

Action                   || total
-------------------------++-------
Melee: Spear             ||   134
Invok: Animate Remains   ||     2
Evoke: Wand              ||     2
  Use: Potion            ||     5
       Scroll            ||     3
